AoeStats
← Infadel

Arabia

510273291Analyzed
1v1 RM · 1d ago on Sep 30, 2026· 52m 29s· 2 players
Game mode
Random Map
Map size
Tiny (2 player)
Population
200
Speed
Normal
Resources
Standard
Victory
Conquest
Starting age
Dark Age
Ending age
Imperial Age
RankedLock teamsTeams togetherTeam positionsShared explorationLock speedFull tech treeHidden civsTurbo modeCheats
Victory
Defeat
🇨🇦 Franks · Canada
1073
+18
🇮🇳 Aztecs · India
1107
-18
[HaM] Lamuel Des Bois
6:07 Loom
8:51 Feudal Age
10:28 Double-Bit Axe
19:49 Castle Age
20:36 Husbandry
20:42 Scale Barding Armor
20:48 Forging
21:27 Bow Saw
25:59 Iron Casting
36:00 Chain Barding Armor
38:08 Wheelbarrow
37:18 Town Watch
37:43 Gold Mining
42:11 Imperial Age
39:19 Elite Skirmisher
39:52 Fletching
41:52 Bodkin Arrow
41:58 Padded Archer Armor
45:05 Cavalier
48:00 Plate Barding Armor
46:54 Light Cavalry
51:03 Hand Cart
Infadel
7:15 Loom
10:03 Feudal Age
13:09 Double-Bit Axe
17:06 Horse Collar
21:46 Stone Mining
23:59 Castle Age
22:49 Scale Mail Armor
23:00 Forging
23:44 Gold Mining
24:22 Pikeman
26:05 Iron Casting
26:02 Bow Saw
26:23 Chain Mail Armor
28:16 Wheelbarrow
27:27 Town Watch
36:02 Fletching
36:58 Town Watch
38:09 Hand Cart
39:37 Bodkin Arrow
45:43 Imperial Age
47:08 Crossbowman
48:16 Bracer
49:50 Stone Shaft Mining
49:50 Gold Shaft Mining
Connection lost

Rejoining the realm…

Still unreachable

The connection could not be restored.

Session expired

The server has moved on; the page needs a fresh start.